 Dungeon Crawl Stone Soup version 0.20-a0-925-g2efaa84 (webtiles) character file.

238 AlphabetPasta the Scholar of Death (level 5, -2/41 HPs)
             Began as a Minotaur Necromancer on Mar 27, 2017.
             Was a Follower of Kikubaaqudgha.
             Killed from afar by Dowan (7 damage)
             ... with a puff of flame
             ... on level 4 of the Dungeon.
             The game lasted 00:17:05 (3482 turns).

AlphabetPasta the Scholar of Death (MiNe)           Turns: 3482, Time: 00:17:06

Health: -2/41      AC:  5    Str: 13    XL:     5   Next: 78%
Magic:  0/7        EV: 12    Int: 18    God:    Kikubaaqudgha [*.....]
Gold:   121        SH:  0    Dex: 10    Spells: 2/9 levels left

rFire    . . .     SeeInvis .   o - +0 dagger (pain)
rCold    . . .     Gourm    .   (no shield)
rNeg     . . .     Faith    .   e - +1 leather armour
rPois    .         Spirit   .   (helmet restricted)
rElec    .         Reflect  .   s - +0 cloak
rCorr    .         Harm     .   (no gloves)
MR       .....                  (no boots)
Stlth    +.........             (no amulet)
Regen    0.2/turn               (no ring)
MPRegen  0.1/turn               (no ring)

@: brilliant, hasted, very quick
A: retaliatory headbutt, horns 2
a: Receive Corpses, Renounce Religion


You were on level 4 of the Dungeon.
You worshipped Kikubaaqudgha.
Kikubaaqudgha was aware of your devotion.
You were hungry.

You visited 1 branch of the dungeon, and saw 4 of its levels.

You collected 121 gold pieces.

Inventory:

Hand Weapons
 g - a +0 mace
 j - a +1 club
 o - a +0 dagger of pain (weapon)
 w - a +0 hand axe
Missiles
 x - 4 tomahawks of returning (quivered)
Armour
 a - a +0 robe
 e - a +1 leather armour (worn)
 s - a +0 cloak (worn)
Wands
 n - a wand of flame (4/48)
 q - a wand of scattershot (0/9)
Scrolls
 l - 2 scrolls of remove curse
 p - 2 scrolls of teleportation
 t - a scroll of identify
 u - a scroll of immolation {unknown}
Potions
 h - a potion of resistance
Books
 b - a book of Necromancy

   Spells                             Type                      Level
   a - Pain                           Necromancy                   1
   b - Animate Skeleton               Necromancy                   1
   c - Vampiric Draining              Necromancy                   3
   d - Regeneration                   Charms/Necromancy            3
   e - Animate Dead                   Necromancy                   4
   f - Control Undead                 Necromancy                   4
 v - Kikubaaqudgha's Compendium of Black Secrets
   (Kikubaaqudgha gifted it to you on level 3 of the Dungeon)

   Spells                             Type                      Level
   a - Animate Skeleton               Necromancy                   1
   b - Corpse Rot                     Necromancy                   2
   c - Sublimation of Blood           Necromancy                   2
   d - Vampiric Draining              Necromancy                   3
   e - Control Undead                 Necromancy                   4
Comestibles
 c - 4 bread rations
 i - 2 meat rations
 k - 5 fruits


   Skills:
 - Level 2.0 Fighting
 + Level 0.5 Axes
 + Level 2.3 Armour
 - Level 2.1 Dodging
 - Level 1.5 Stealth
 * Level 2.5 Spellcasting
 * Level 4.0 Necromancy
 - Level 0.8 Evocations


You had 2 spell levels left.
You knew the following spells:

 Your Spells              Type           Power        Failure   Level  Hunger
a - Pain                  Necr           ####         1%          1    #......
b - Animate Skeleton      Necr           N/A          1%          1    #......
c - Vampiric Draining     Necr           ####......   1%          3    ###....
d - Corpse Rot            Necr           N/A          1%          2    ##.....


Dungeon Overview and Level Annotations

Branches:
Dungeon (4/15)
 Temple: D:4-7

Altars:
Fedhas
Gozag
Kikubaaqudgha
Ru
Vehumet
The Shining One

Annotations:
D:4 Dowan, Duvessa


Innate Abilities, Weirdness & Mutations

You reflexively headbutt those who attack you in melee.
You have a pair of horns on your head.


Message History

Aim: Duvessa, wielding a rapier and wearing a glowing leather armour (severely wounded, fast, chance to defeat MR: 71%) Duvessa easily resists.
You are feeling hungry.
Duvessa hits you with a rapier!
* * * LOW HITPOINT WARNING * * *
Duvessa misses you.
You closely miss Duvessa.
Duvessa is severely wounded.
Duvessa hits you with a rapier.
* * * LOW HITPOINT WARNING * * *
It was a potion of curing.
You feel better. Duvessa hits you with a rapier!
* * * LOW HITPOINT WARNING * * *
Dowan gestures wildly while chanting.
Dowan blinks!
Duvessa hits you with a rapier.
* * * LOW HITPOINT WARNING * * *
It was a potion of haste.
You feel yourself speed up. Dowan gestures at you while chanting.
The puff of flame hits you!
You die...
Kikubaaqudgha rasps: "You have failed me!
Welcome... death!"

#.# #.#
#.#
#.###### #
#).....#
#.######.#
#....# #.#
#e# #.#
#@# #.#
#.# #.#
#e# #.#
#.# #.#
#.###.#
#.....#
#.#####
#[# #.#


You could see Duvessa and Dowan.

Vanquished Creatures
  Grinder (D:3)
  An orc priest (D:3)
  An orc wizard (D:3)
  A worker ant (D:4)
  An adder (D:3)
  An ooze (D:1)
  2 worms (D:3)
  2 dart slugs
  4 leopard geckos
  4 orcs (D:3)
  7 bats
  5 giant cockroaches
  12 goblins
  13 hobgoblins
  9 jackals
  2 quokkas
  5 frilled lizards
  9 kobolds
  8 rats
88 creatures vanquished.

Vanquished Creatures (others)
  A frilled lizard (D:3)
1 creature vanquished.

Grand Total: 89 creatures vanquished

Notes
Turn   | Place    | Note
-------+----------+-------------------------------------------
     0 | D:1      | AlphabetPasta the Minotaur Necromancer began the quest for the Orb.
     0 | D:1      | Reached XP level 1. HP: 14/14 MP: 1/1
    25 | D:1      | Reached skill level 3 in Necromancy
   248 | D:1      | Reached XP level 2. HP: 18/20 MP: 3/3
   251 | D:1      | Learned a level 1 spell: Animate Skeleton
   353 | D:1      | Reached skill level 1 in Fighting
   831 | D:1      | Reached skill level 1 in Armour
   845 | D:1      | Reached XP level 3. HP: 10/28 MP: 1/4
  1531 | D:2      | Learned a level 3 spell: Vampiric Draining
  1651 | D:2      | Reached XP level 4. HP: 36/36 MP: 5/5
  1657 | D:2      | Found a glowing golden altar of the Shining One.
  1661 | D:2      | Found an ancient bone altar of Kikubaaqudgha.
  1669 | D:2      | Became a worshipper of Kikubaaqudgha
  1674 | D:2      | Found a blossoming altar of Fedhas.
  2174 | D:3      | Noticed Grinder
  2177 | D:3      | Paralysed by Grinder for 7 turns
  2492 | D:3      | Learned a level 3 spell: Vampiric Draining
  2735 | D:3      | Found a radiant altar of Vehumet.
  2739 | D:3      | Killed Grinder
  2792 | D:3      | Reached * piety under Kikubaaqudgha
  2792 | D:3      | Identified Kikubaaqudgha's Compendium of Black Secrets (Kikubaaqudgha gifted it to you on level 3 of the Dungeon)
  2792 | D:3      | Received a gift from Kikubaaqudgha
  2792 | D:3      | Reached XP level 5. HP: 32/41 MP: 4/7
  2797 | D:3      | Learned a level 2 spell: Corpse Rot
  2940 | D:3      | Found a sacrificial altar of Ru.
  3207 | D:3      | Found an opulent altar of Gozag.
  3433 | D:4      | Reached skill level 4 in Necromancy
  3463 | D:4      | Noticed Dowan
  3465 | D:4      | Noticed Duvessa
  3482 | D:4      | Killed from afar by Dowan

Vault maps used:
D:1:      lemuel_arrival_broad_hall
D:2:      minmay_overflow_temple_star_quad, minmay_pentomino_x2
D:3:      fiery_altar_vehumet, marbit_many_paths,
          nicolae_ru_great_annihilating_truth, uniq_grinder
D:4:      kennysheep_mini, first_bread, okawaru_metal_pillars_1_2, uniq_duvessa,
          uniq_edmund

Skill      XL: |  1  2  3  4  5 |
---------------+----------------+-----
Necromancy     | 3 4 |  4.0
Fighting       | 1 2 |  2.0
Armour         | 1 2 |  2.3
Spellcasting   | 2 |  2.5
Axes           | |  0.5
Dodging        | |  2.1
Stealth        | |  1.5
Evocations     | |  0.8

Action                   |  1- 3 |  4- 6 || total
-------------------------+-------+-------++-------
Melee: Unarmed           |    57 |       ||    57
       Headbutt          |    17 |    14 ||    31
       Club              |    59 |       ||    59
       Mace              |    17 |    10 ||    27
       Dagger            |       |   110 ||   110
 Cast: Pain              |    22 |    16 ||    38
       Vampiric Draining |       |     1 ||     1
Evoke: Wand              |       |     7 ||     7
  Use: Scroll            |     6 |     2 ||     8
       Potion            |       |     4 ||     4
 Stab: Sleeping          |     3 |     1 ||     4
       Paralysed         |       |     1 ||     1
  Eat: Chunk             |     3 |     6 ||     9
Armor: Robe              |     4 |       ||     4
       Leather armour    |    29 |    25 ||    54
Dodge: Dodged            |    92 |    76 ||   168
